[Event "Thursday Night Round Robin 3m+1s Starts at 2200hrs ST No Late Joins"]
[Site "Infinity Chess"]
[Date "2018.1.11"]
[Round "9"]
[White "Coco69"]
[Black "Time_bandit"]
[Result "0-1"]
[ECO "C55"]
[WhiteElo "2495"]
[BlackElo "2548"]
[WhiteEngine "stockfish_18010422_x64_CTG"]
[BlackEngine "asmFishW_2017-11-19_popcnt"]
[EventType "Round Robin"]
[WhiteTeam ""]
[BlackTeam ""]
[PlyCount "182"]
[TimeControl "180+1"]

1. e4 e5 2. Nf3 Nc6 3. Bc4 Nf6 4. d3 Bc5 5. O-O d6 6. c3 a5 7. Bg5 Ba7 
8. Nbd2 h6 9. Bh4 Qe7 10. Bb5 O-O 11. Nc4 g5 12. Bg3 Nb8 13. Ba4 Be6 
14. Ne3 Bxe3 15. fxe3 Nbd7 16. Bc2 Bg4 17. h3 Bh5 18. a4 c6 19. Rc1 Kh8 
20. Qe1 Rg8 21. Kh1 Bg6 22. Nd2 Kg7 23. Bh2 Rge8 24. Qe2 Qe6 25. Rf2 d5 
26. Rcf1 Ra6 27. Kg1 dxe4 28. dxe4 Rf8 29. g4 Qe7 30. Bg3 Raa8 31. Qd1 b5 
32. Qf3 Rh8 33. Qg2 Rae8 34. Bh2 bxa4 35. Bxa4 Rb8 36. b3 Rbc8 37. Qg3 h5 
38. Rxf6 Nxf6 39. Qxe5 Rhe8 40. Nc4 hxg4 41. hxg4 Qxe5 42. Bxe5 Rxe5 
43. Nxe5 Bxe4 44. c4 Re8 45. Nxc6 Nxg4 46. Nd4 Rd8 47. Nf3 Rh8 48. Bd7 f5 
49. Bxf5 Bxf5 50. Nxg5 Kg6 51. Nf7 Rh3 52. Rf4 Rxe3 53. Nd6 Bd7 54. Ne4 Rxb3 
55. Nc5 Rb1+ 56. Rf1 Rxf1+ 57. Kxf1 Bc8 58. Ke2 Ne5 59. Kd2 Nxc4+ 60. Kc3 Nb6 
61. Kd4 Bf5 62. Nb3 a4 63. Nc1 Be6 64. Kc5 Nd5 65. Kb5 Bd7+ 66. Kc4 Nc7 
67. Kb4 Kf5 68. Nd3 Nd5+ 69. Ka3 Nb6 70. Kb4 Be8 71. Kc3 Ke4 72. Nf2+ Ke3 
73. Ng4+ Kf4 74. Nf2 Nd5+ 75. Kb2 Ke3 76. Nd1+ Kd2 77. Nf2 Ne3 78. Ne4+ Kd3 
79. Nf2+ Kc4 80. Ka2 Nc2 81. Ne4 Kb4 82. Kb1 Ne3 83. Nd2 a3 84. Ka2 Nc2 
85. Kb1 Bg6 86. Ka2 Bf5 87. Kb1 Kc3 88. Kc1 a2 89. Ne4+ Bxe4 90. Kd1 a1=Q+ 
91. Ke2 Qe1# 0-1

[Event "Thursday Night Round Robin 3m+1s Starts at 2200hrs ST No Late Joins"]
[Site "Infinity Chess"]
[Date "2018.1.11"]
[Round "9"]
[White "MGR"]
[Black "Vimtiroba"]
[Result "0-1"]
[ECO "C50"]
[WhiteElo "2513"]
[BlackElo "2509"]
[WhiteEngine "Stockfish SL sh BMI2"]
[BlackEngine "AsmFish@J10V2_CTG"]
[EventType "Round Robin"]
[WhiteTeam ""]
[BlackTeam ""]
[PlyCount "100"]
[TimeControl "180+1"]

1. e4 e5 2. Nf3 Nc6 3. Bc4 Bc5 4. O-O Nf6 5. d3 d6 6. c3 O-O 7. Bg5 h6 8. Bh4 a5 
9. a4 g5 10. Bg3 Kg7 11. Na3 Ne7 12. Nc2 Bb6 13. Ne3 Ng6 14. Bb3 Bxe3 
15. fxe3 Nh5 16. Be1 g4 17. Nd2 Qg5 18. Qe2 f5 19. exf5 Bxf5 20. g3 e4 
21. d4 Ne7 22. c4 Nf6 23. Bc2 b6 24. Nb1 Nh7 25. d5 Kg8 26. Nc3 Qg6 27. Nb5 Rac8 
28. Na7 Rcd8 29. Nb5 Ng5 30. Nxc7 Nf3+ 31. Kh1 Bd7 32. Rf2 Rf7 33. b4 axb4 
34. Bxb4 Rdf8 35. Ne6 Bxe6 36. dxe6 Qxe6 37. Be1 Nf5 38. Rg2 Kh7 39. Rd1 h5 
40. Bb3 Rc7 41. Bf2 Rc5 42. Be1 Qh6 43. Bf2 Rg8 44. Rf1 Qf6 45. Be1 Rgc8 
46. Bb4 R5c6 47. Rd1 Qg5 48. Rf2 Kg6 49. Rd5 h4 50. gxh4 Qxh4 0-1

[Event "Thursday Night Round Robin 3m+1s Starts at 2200hrs ST No Late Joins"]
[Site "Infinity Chess"]
[Date "2018.1.11"]
[Round "9"]
[White "KULLANI"]
[Black "koalachess"]
[Result "1/2-1/2"]
[ECO "A46"]
[WhiteElo "2492"]
[BlackElo "2294"]
[WhiteEngine "BrainFish_180106_x64_CTG"]
[BlackEngine "asmFishW_2017-11-19_popcnt_CTG"]
[EventType "Round Robin"]
[WhiteTeam ""]
[BlackTeam ""]
[PlyCount "59"]
[TimeControl "180+1"]

1. d4 Nf6 2. Nf3 e6 3. c4 d5 4. Nc3 Bb4 5. Bg5 dxc4 6. e4 c5 7. Bxc4 cxd4 
8. Nxd4 Bxc3+ 9. bxc3 Qa5 10. Bxf6 Qxc3+ 11. Kf1 gxf6 12. Rc1 Qa5 13. Bb5+ Ke7 
14. e5 fxe5 15. Qh5 Nd7 16. Qg5+ Kf8 17. Rxc8+ Rxc8 18. Bxd7 Qd8 19. Nxe6+ fxe6 
20. Qh6+ Ke7 21. Qxe6+ Kf8 22. Qf5+ Ke7 23. Qe6+ Kf8 24. Qxe5 Rc1+ 25. Ke2 Rxh1 
26. Qf5+ Ke7 27. Qe6+ Kf8 28. Qf5+ Ke7 29. Qe6+ Kf8 30. Qf5+ 1/2-1/2

[Event "Thursday Night Round Robin 3m+1s Starts at 2200hrs ST No Late Joins"]
[Site "Infinity Chess"]
[Date "2018.1.11"]
[Round "8"]
[White "Vimtiroba"]
[Black "KULLANI"]
[Result "1/2-1/2"]
[ECO "C50"]
[WhiteElo "2510"]
[BlackElo "2491"]
[WhiteEngine "AsmFish@J10V2_CTG"]
[BlackEngine "BrainFish_180106_x64_CTG"]
[EventType "Round Robin"]
[WhiteTeam ""]
[BlackTeam ""]
[PlyCount "82"]
[TimeControl "180+1"]

1. e4 e5 2. Nf3 Nc6 3. Bc4 Bc5 4. O-O Nf6 5. d3 d6 6. c3 a5 7. Re1 h6 
8. Nbd2 O-O 9. h3 Be6 10. a4 Ba7 11. b3 Nd7 12. Nf1 Nb6 13. Bxe6 fxe6 
14. Bd2 Nd7 15. Rc1 Qe7 16. N1h2 Nc5 17. Be3 Rf7 18. Rb1 Bb6 19. Qc2 Nd7 
20. b4 Bxe3 21. fxe3 Rff8 22. Nd2 Nb6 23. b5 Nd8 24. Nhf3 Nf7 25. d4 Ng5 
26. Rf1 Rf7 27. Rf2 Nxf3+ 28. Nxf3 Raf8 29. Rbf1 Nd7 30. Qb3 Nf6 31. Nd2 Nd7 
32. Rxf7 Rxf7 33. Rxf7 Kxf7 34. Qc4 Nb6 35. Qd3 Nxa4 36. Nc4 exd4 37. cxd4 Qh4 
38. Kf1 Qf6+ 39. Kg1 Qh4 40. Kf1 Qf6+ 41. Kg1 Qh4 1/2-1/2

[Event "Thursday Night Round Robin 3m+1s Starts at 2200hrs ST No Late Joins"]
[Site "Infinity Chess"]
[Date "2018.1.11"]
[Round "8"]
[White "Time_bandit"]
[Black "MGR"]
[Result "1/2-1/2"]
[ECO "D05"]
[WhiteElo "2549"]
[BlackElo "2512"]
[WhiteEngine "asmFishW_2017-11-19_popcnt"]
[BlackEngine "Stockfish SL sh BMI2"]
[EventType "Round Robin"]
[WhiteTeam ""]
[BlackTeam ""]
[PlyCount "51"]
[TimeControl "180+1"]

1. d4 d5 2. Nf3 Nf6 3. e3 e6 4. Bd3 Be7 5. O-O b6 6. b3 Bb7 7. Bb2 O-O 8. Qe2 c5 
9. dxc5 bxc5 10. c4 Nbd7 11. Rd1 Re8 12. Nc3 a6 13. Qc2 Bd6 14. Be2 Nb6 
15. cxd5 exd5 16. Rac1 Rc8 17. Qf5 g6 18. Qh3 h5 19. Qh4 Be7 20. Qg3 Bf8 
21. Rc2 Bd6 22. Qg5 Be7 23. Qf4 Bd6 24. Qg5 Be7 25. Qg3 Bd6 26. Qg5 1/2-1/2

[Event "Thursday Night Round Robin 3m+1s Starts at 2200hrs ST No Late Joins"]
[Site "Infinity Chess"]
[Date "2018.1.11"]
[Round "8"]
[White "Victorious"]
[Black "localhero"]
[Result "1/2-1/2"]
[ECO "C55"]
[WhiteElo "2565"]
[BlackElo "2469"]
[WhiteEngine "Houdini 6"]
[BlackEngine "asmFishW_2017-10-04_popcnt"]
[EventType "Round Robin"]
[WhiteTeam ""]
[BlackTeam ""]
[PlyCount "121"]
[TimeControl "180+1"]

1. e4 e5 2. Nf3 Nc6 3. Bc4 Nf6 4. d3 Bc5 5. O-O d6 6. a4 a5 7. Re1 O-O 8. c3 h6 
9. h3 Bb6 10. Nbd2 Be6 11. Bxe6 fxe6 12. Nc4 Bc5 13. Be3 Bxe3 14. Rxe3 Qd7 
15. Rc1 Rf7 16. d4 exd4 17. cxd4 Raf8 18. Qb3 b6 19. Qb5 Nb4 20. Na3 Na2 
21. Qxd7 Rxd7 22. Rd1 Nb4 23. Nb5 Nh5 24. e5 Nf4 25. h4 d5 26. g3 Ng6 27. h5 Ne7 
28. Nh4 c6 29. Nd6 c5 30. dxc5 bxc5 31. Rc3 Rc7 32. Nb5 Rcc8 33. Ng6 Nxg6 
34. hxg6 c4 35. f4 Rc5 36. Ra1 Rcc8 37. Nd4 Nc6 38. Nxe6 Rfe8 39. f5 Nxe5 
40. Rd1 Nxg6 41. Rxd5 Ne7 42. Rxa5 Rb8 43. Nc7 Red8 44. Rb5 Rxb5 45. Nxb5 Nxf5 
46. Kf1 Rd2 47. Rf3 g6 48. g4 Nd4 49. Nxd4 Rxd4 50. a5 Rd2 51. a6 Rxb2 
52. Ra3 Rb8 53. g5 hxg5 54. a7 Ra8 55. Kf2 g4 56. Kg3 Kf7 57. Rc3 Rxa7 
58. Rxc4 Ra3+ 59. Kxg4 Kg7 60. Rc8 Ra4+ 61. Kg3 1/2-1/2

[Event "Thursday Night Round Robin 3m+1s Starts at 2200hrs ST No Late Joins"]
[Site "Infinity Chess"]
[Date "2018.1.11"]
[Round "8"]
[White "Dovahkiin"]
[Black "KillBill2017"]
[Result "1/2-1/2"]
[ECO ""]
[WhiteElo "2456"]
[BlackElo "2456"]
[WhiteEngine "BrainFish_180106_x64_modern_CTG"]
[BlackEngine "corchess_x64_modern"]
[EventType "Round Robin"]
[WhiteTeam ""]
[BlackTeam ""]
[PlyCount "124"]
[TimeControl "180+1"]

1. e3 Nf6 2. d3 d5 3. d4 c5 4. Nf3 Nc6 5. c3 Bg4 6. h3 Bxf3 7. Qxf3 e6 
8. Nd2 Bd6 9. dxc5 Bxc5 10. g3 Qb6 11. Be2 a5 12. O-O a4 13. Rb1 O-O 14. e4 Rfd8 
15. exd5 exd5 16. Kg2 Re8 17. Qd3 h6 18. Bd1 Ne5 19. Qc2 Qc6 20. Nf3 Nc4 
21. Nd4 Qb6 22. b3 axb3 23. axb3 Na3 24. Bxa3 Rxa3 25. Bf3 Bxd4 26. cxd4 Qxd4 
27. Rfe1 Rea8 28. Rbd1 Qb4 29. Re3 Qb6 30. Rd2 R3a5 31. Qb2 Rc8 32. Re7 Rb5 
33. Qe5 Rd8 34. h4 g6 35. Qe2 Rxb3 36. Rc2 Qd4 37. Rcc7 Rb2 38. Qe1 Rf8 
39. Rxb7 Rxb7 40. Rxb7 Re8 41. Qd1 Qe5 42. Qc1 Kg7 43. Qc5 Ne4 44. Qa7 Qf6 
45. Rb5 Rc8 46. Rb4 Qe5 47. Rb7 Qf6 48. Rb4 Rc3 49. Bxe4 dxe4 50. Qd4 e3 
51. fxe3 Rc2+ 52. Kh3 Qxd4 53. Rxd4 Re2 54. Rd3 Kf6 55. Kg4 Rf2 56. h5 gxh5+ 
57. Kxh5 Ke5 58. Kxh6 Rg2 59. e4 Kxe4 60. Rb3 Ke5 61. Kg5 Kd4 62. g4 f6+ 1/2-1/2

[Event "Thursday Night Round Robin 3m+1s Starts at 2200hrs ST No Late Joins"]
[Site "Infinity Chess"]
[Date "2018.1.11"]
[Round "8"]
[White "koalachess"]
[Black "incredible"]
[Result "0-1"]
[ECO "B18"]
[WhiteElo "2304"]
[BlackElo "2449"]
[WhiteEngine "asmFishW_2017-11-19_popcnt_CTG"]
[BlackEngine "stockfish_18010422_x64_bmi2"]
[EventType "Round Robin"]
[WhiteTeam ""]
[BlackTeam ""]
[PlyCount "150"]
[TimeControl "180+1"]

1. e4 c6 2. d4 d5 3. Nc3 dxe4 4. Nxe4 Bf5 5. Ng3 Bg6 6. Nf3 e6 7. Bd3 Bd6 
8. O-O Qc7 9. Re1 Nf6 10. Bxg6 hxg6 11. Bg5 Nbd7 12. c4 O-O 13. Ne4 Nxe4 
14. Rxe4 c5 15. dxc5 Bxc5 16. Qd2 a5 17. Bh4 Rfc8 18. Bg3 Qc6 19. Qe2 Qb6 
20. Rd1 Rd8 21. Rb1 Nf8 22. Ng5 e5 23. Nf3 f6 24. Qc2 Qd6 25. Ree1 Qd3 
26. Qa4 Qd7 27. Qc2 Qd3 28. Qa4 Bb4 29. Rec1 Ne6 30. h3 e4 31. Ne1 Qe2 
32. Rd1 Nd4 33. Bc7 Bc5 34. Bxd8 Rxd8 35. Qxa5 Nf3+ 36. Nxf3 Rxd1+ 
37. Rxd1 Qxf2+ 38. Kh1 exf3 39. Qd8+ Kh7 40. gxf3 Be3 41. Qd6 Qxf3+ 42. Kh2 Qe2+ 
43. Kh1 Qf3+ 44. Kh2 Bf4+ 45. Qxf4 Qxf4+ 46. Kg2 Qe4+ 47. Kf2 Qc2+ 48. Ke1 Qxb2 
49. Rd3 Qxa2 50. Rc3 Qa5 51. Kd2 g5 52. Kc2 Qxc3+ 53. Kxc3 g4 54. hxg4 Kg6 
55. Kd4 f5 56. gxf5+ Kxf5 57. c5 Kf4 58. Kd3 Kf3 59. Kc3 Ke3 60. Kc4 g5 
61. Kd5 g4 62. Kd6 g3 63. Kc7 Kd4 64. c6 bxc6 65. Kd6 g2 66. Ke6 Ke4 67. Kd6 c5 
68. Ke6 c4 69. Kd7 c3 70. Ke6 g1=Q 71. Kf6 c2 72. Kf7 c1=Q 73. Ke7 Qc7+ 
74. Kf8 Qgg7+ 75. Ke8 Qcd7# 0-1

[Event "Thursday Night Round Robin 3m+1s Starts at 2200hrs ST No Late Joins"]
[Site "Infinity Chess"]
[Date "2018.1.11"]
[Round "7"]
[White "KillBill2017"]
[Black "incredible"]
[Result "1/2-1/2"]
[ECO ""]
[WhiteElo "2456"]
[BlackElo "2449"]
[WhiteEngine "corchess_x64_modern"]
[BlackEngine "stockfish_18010422_x64_bmi2"]
[EventType "Round Robin"]
[WhiteTeam ""]
[BlackTeam ""]
[PlyCount "95"]
[TimeControl "180+1"]

1. e3 d5 2. Nf3 c5 3. c4 d4 4. b4 Nf6 5. Bb2 dxe3 6. fxe3 cxb4 7. a3 e6 
8. Be2 Nc6 9. O-O a5 10. Ne5 Qc7 11. Nxc6 bxc6 12. axb4 Bxb4 13. Bxf6 gxf6 
14. d4 c5 15. Rxf6 Qe7 16. Rf3 Bb7 17. d5 exd5 18. cxd5 O-O 19. d6 Qe5 
20. Rg3+ Kh8 21. Na3 Bxa3 22. Rxa3 Rfd8 23. Qe1 Rxd6 24. Rxa5 Rxa5 25. Qxa5 Rg6 
26. Kf2 Rxg3 27. hxg3 Kg7 28. Qa4 Be4 29. Qc4 h6 30. Bf3 Bg6 31. g4 Qb2+ 
32. Kg3 Qb8+ 33. Qf4 Qxf4+ 34. exf4 Bd3 35. Kf2 Kf6 36. Bd5 c4 37. Ke3 Kg6 
38. Bc6 f5 39. gxf5+ Kxf5 40. Bd7+ Kg6 41. g3 Kf6 42. Kd4 Kg6 43. Bc6 Kf6 
44. Bg2 Kg7 45. Bd5 h5 46. Bf3 Kg6 47. g4 hxg4 48. Bxg4 1/2-1/2

[Event "Thursday Night Round Robin 3m+1s Starts at 2200hrs ST No Late Joins"]
[Site "Infinity Chess"]
[Date "2018.1.11"]
[Round "7"]
[White "localhero"]
[Black "Dovahkiin"]
[Result "1/2-1/2"]
[ECO "D05"]
[WhiteElo "2470"]
[BlackElo "2455"]
[WhiteEngine "asmFishW_2017-10-04_popcnt"]
[BlackEngine "BrainFish_180106_x64_modern_CTG"]
[EventType "Round Robin"]
[WhiteTeam ""]
[BlackTeam ""]
[PlyCount "117"]
[TimeControl "180+1"]

1. d4 d5 2. Nf3 Nf6 3. e3 e6 4. Bd3 c5 5. b3 Nc6 6. O-O Be7 7. Bb2 O-O 
8. Nbd2 cxd4 9. exd4 b6 10. c4 Bb7 11. Rc1 Rc8 12. Qe2 Re8 13. a3 Bf8 
14. Rfe1 g6 15. b4 dxc4 16. Nxc4 Nd5 17. g3 Bh6 18. Ncd2 Nce7 19. Rxc8 Qxc8 
20. Rc1 Qb8 21. Ne5 Nf5 22. b5 Rc8 23. Rxc8+ Qxc8 24. Ndc4 Bf8 25. a4 f6 
26. Ng4 Kg7 27. Nge3 Qd7 28. Ng2 Bb4 29. Qc2 a6 30. Nge3 axb5 31. axb5 Bf8 
32. Nxf5+ exf5 33. Qb3 Qe6 34. Ne3 f4 35. Ng2 Bd6 36. Bf1 Qe4 37. Ba3 Be7 
38. Bxe7 Nxe7 39. Qc4 fxg3 40. hxg3 g5 41. Qc7 Bd5 42. Qxb6 Nf5 43. Qc7+ Kg6 
44. Qc3 Nxd4 45. Qd3 Nf3+ 46. Kh1 Nd4 47. f4 Kf5 48. Kg1 Ke6 49. Qxe4+ Bxe4 
50. Ne3 h5 51. fxg5 fxg5 52. Bg2 Bxg2 53. Nxg2 Nxb5 54. g4 h4 55. Kh2 Nd4 
56. Nxh4 gxh4 57. Kh3 Nf3 58. g5 Nxg5+ 59. Kxh4 1/2-1/2

[Event "Thursday Night Round Robin 3m+1s Starts at 2200hrs ST No Late Joins"]
[Site "Infinity Chess"]
[Date "2018.1.11"]
[Round "7"]
[White "MGR"]
[Black "BlitzMaster"]
[Result "1/2-1/2 "]
[ECO "B90"]
[WhiteElo "2510"]
[BlackElo "2567"]
[WhiteEngine "Stockfish SL sh BMI2"]
[BlackEngine "stockfish_18010422_x64_modern_CTG"]
[EventType "Round Robin"]
[WhiteTeam ""]
[BlackTeam ""]
[PlyCount "136"]
[TimeControl "180+1"]

1. e4 c5 2. Nf3 d6 3. d4 cxd4 4. Nxd4 Nf6 5. Nc3 a6 6. Be3 e5 7. Nb3 Be6 
8. f3 h5 9. Qd2 Nbd7 10. Nd5 Nxd5 11. exd5 Bf5 12. Na5 Qc7 13. Rc1 Be7 
14. Bd3 Bxd3 15. cxd3 Qb8 16. d4 Bh4+ 17. Bf2 Bxf2+ 18. Kxf2 O-O 19. Rhe1 Re8 
20. dxe5 Nxe5 21. Qd4 Rc8 22. b3 Rc7 23. a3 Qd8 24. Rxc7 Qxc7 25. Nc4 Nxc4 
26. Qxc4 Qd8 27. Qd4 Rc8 28. h4 Qa5 29. Re7 Qxa3 30. Rxb7 Qc5 31. Qxc5 Rxc5 
32. Rb8+ Kh7 33. Rb6 Rxd5 34. Rxa6 Rd2+ 35. Kg3 g6 36. b4 Rb2 37. Rxd6 Rxb4 
38. Kh3 Rb5 39. Rd7 Kg7 40. Rd6 Rb2 41. g3 Rb5 42. f4 Kh7 43. Ra6 Kh6 
44. Ra3 Rb4 45. Ra7 Kg7 46. Ra5 f5 47. Ra7+ Kf6 48. Ra6+ Kg7 49. Ra3 Kf6 
50. Ra5 Rd4 51. Ra3 Kg7 52. Ra8 Kf6 53. Ra7 Rd1 54. Ra6+ Kf7 55. Ra7+ Ke6 
56. Kg2 Rd2+ 57. Kf1 Rd6 58. Kg2 Kf6 59. Ra5 Rd3 60. Ra6+ Kg7 61. Ra5 Kh6 
62. Kh3 Kg7 63. Kg2 Rd2+ 64. Kf1 Kh6 65. Ke1 Rb2 66. Ra6 Kh7 67. Rd6 Rb1+ 
68. Kd2 Kh6 1/2-1/2

[Event "Thursday Night Round Robin 3m+1s Starts at 2200hrs ST No Late Joins"]
[Site "Infinity Chess"]
[Date "2018.1.11"]
[Round "7"]
[White "KULLANI"]
[Black "Time_bandit"]
[Result "1/2-1/2"]
[ECO "C55"]
[WhiteElo "2489"]
[BlackElo "2551"]
[WhiteEngine "BrainFish_180106_x64_CTG"]
[BlackEngine "asmFishW_2017-11-19_popcnt"]
[EventType "Round Robin"]
[WhiteTeam ""]
[BlackTeam ""]
[PlyCount "149"]
[TimeControl "180+1"]

1. e4 e5 2. Nf3 Nc6 3. Bc4 Nf6 4. d3 Bc5 5. O-O d6 6. c3 a5 7. Re1 h6 
8. Nbd2 O-O 9. h3 Be6 10. Bb5 Qb8 11. Nf1 Qa7 12. Re2 a4 13. Ng3 Qa5 
14. Bxc6 bxc6 15. Nh4 Rfe8 16. Re1 d5 17. exd5 cxd5 18. Rxe5 Bf8 19. Qc2 c5 
20. Bd2 Nd7 21. Re2 c4 22. d4 a3 23. bxa3 Nf6 24. Nf3 Qa4 25. Qc1 Bxa3 
26. Qe1 Rab8 27. Ne5 Bb2 28. Rb1 h5 29. h4 Rb6 30. Kh2 Bc8 31. f3 Re7 
32. Bh6 Reb7 33. Bxg7 Kxg7 34. Qd2 Qa6 35. Qg5+ Kh7 36. Nxf7 Ba3 37. Rxb6 Qxb6 
38. Qh6+ Kg8 39. Qg6+ Kf8 40. Ne5 Qd6 41. Nxh5 Nxh5 42. Qxh5 Kg7 43. Qg5+ Kh7 
44. g4 Rg7 45. Qe3 Qf6 46. Kg3 Bd6 47. h5 Rb7 48. a4 Rb1 49. Re1 Rxe1 
50. Qxe1 Qg5 51. Kg2 Kg7 52. a5 Bc7 53. Kg3 Kh7 54. a6 Bxa6 55. f4 Qf6 
56. Qb1+ Kg8 57. Kf3 Qe6 58. f5 Qf6 59. Ng6 Kg7 60. Qb4 Kh6 61. Qe7 Qxe7 
62. Nxe7 Bb5 63. Ke2 Bd8 64. Nxd5 Kg5 65. f6 Be8 66. Ke3 Ba5 67. Ke4 Bf7 
68. Ke5 Bd8 69. Ne7 Bc7+ 70. Ke4 Ba5 71. Nc6 Bxc3 72. Ne5 Kxf6 73. g5+ Kxg5 
74. Nxf7+ Kxh5 75. Ne5 1/2-1/2

[Event "Thursday Night Round Robin 3m+1s Starts at 2200hrs ST No Late Joins"]
[Site "Infinity Chess"]
[Date "2018.1.11"]
[Round "7"]
[White "Vimtiroba"]
[Black "koalachess"]
[Result "1-0"]
[ECO "E35"]
[WhiteElo "2502"]
[BlackElo "2312"]
[WhiteEngine "AsmFish@J10V2_CTG"]
[BlackEngine "asmFishW_2017-11-19_popcnt_CTG"]
[EventType "Round Robin"]
[WhiteTeam ""]
[BlackTeam ""]
[PlyCount "143"]
[TimeControl "180+1"]

1. d4 Nf6 2. c4 e6 3. Nc3 Bb4 4. Qc2 d5 5. cxd5 exd5 6. Bg5 O-O 7. e3 h6 
8. Bh4 Be6 9. a3 Bxc3+ 10. Qxc3 Bf5 11. Be2 c6 12. Nf3 Nbd7 13. Nd2 Bg6 
14. Rc1 Ne4 15. Bxd8 Nxc3 16. Rxc3 Rfxd8 17. g4 Re8 18. h4 Nb6 19. Rc1 a5 
20. Rg1 a4 21. Nf3 Be4 22. Ne5 g5 23. Nd3 Nd7 24. Rg3 Kf8 25. Kd2 Kg7 
26. Rh3 Rac8 27. Nb4 Bg2 28. Rh2 Be4 29. Na2 Bg6 30. Nc3 b5 31. hxg5 hxg5 
32. f4 gxf4 33. exf4 Be4 34. g5 Nb6 35. Nxe4 Rxe4 36. Bd3 Rxf4 37. Rh7+ Kf8 
38. Ke3 Rg4 39. Rh8+ Ke7 40. Rxc8 Nxc8 41. Bf5 Rxg5 42. Bxc8 Rg3+ 43. Kf4 Rd3 
44. Rxc6 Rxd4+ 45. Ke5 Re4+ 46. Kxd5 Re2 47. Rc3 Rxb2 48. Kc5 Rb1 49. Ba6 Rg1 
50. Bxb5 Rg4 51. Rc4 Rg5+ 52. Kb4 f5 53. Bxa4 Kd6 54. Bb5 Rg2 55. a4 Rg1 
56. Rd4+ Ke5 57. Rd3 Rb1+ 58. Rb3 Ra1 59. a5 Kd6 60. a6 Kc7 61. Rd3 Rb1+ 
62. Ka5 Ra1+ 63. Ba4 Rxa4+ 64. Kxa4 Kb6 65. Rd6+ Kc5 66. Re6 Kd5 67. Re8 f4 
68. a7 f3 69. a8=Q+ Kc4 70. Qc8+ Kd3 71. Kb3 f2 72. Qc3# 1-0

[Event "Thursday Night Round Robin 3m+1s Starts at 2200hrs ST No Late Joins"]
[Site "Infinity Chess"]
[Date "2018.1.11"]
[Round "6"]
[White "Time_bandit"]
[Black "Vimtiroba"]
[Result "1/2-1/2"]
[ECO "D05"]
[WhiteElo "2553"]
[BlackElo "2500"]
[WhiteEngine "asmFishW_2017-11-19_popcnt"]
[BlackEngine "AsmFish@J10V2_CTG"]
[EventType "Round Robin"]
[WhiteTeam ""]
[BlackTeam ""]
[PlyCount "189"]
[TimeControl "180+1"]

1. d4 d5 2. Nf3 Nf6 3. e3 e6 4. Bd3 c5 5. b3 Nc6 6. O-O Be7 7. Bb2 O-O 
8. Nbd2 cxd4 9. exd4 b6 10. c4 Ba6 11. Rc1 Rc8 12. Re1 Bb7 13. a3 Re8 14. h3 g6 
15. b4 dxc4 16. Nxc4 Bf8 17. Ne3 Bh6 18. Bb5 Nd5 19. Rc2 Bg7 20. Nxd5 Qxd5 
21. Bc4 Qf5 22. d5 exd5 23. Rxe8+ Rxe8 24. Qxd5 Qxd5 25. Bxd5 Bxb2 26. Rxb2 Rd8 
27. Rd2 Ne5 28. Nxe5 Rxd5 29. Rxd5 Bxd5 30. f4 f6 31. Ng4 Kf7 32. Ne3 Be4 
33. h4 g5 34. g3 gxf4 35. gxf4 Kg6 36. Kf2 Kf7 37. f5 Ke7 38. Kg3 Kf7 
39. Kg4 Bc6 40. Kh5 Kg7 41. Kg4 Kf7 42. Kh5 Kg7 43. Kg4 Kh6 44. Nc4 Kg7 
45. Nd6 Bd7 46. Kf4 Kf8 47. Ke4 Kg7 48. Kd5 Kg8 49. a4 Bxa4 50. Ke6 a5 
51. bxa5 bxa5 52. Kxf6 Bb3 53. Nb7 a4 54. Nc5 Bc2 55. Nxa4 Bxa4 56. Kg5 Kg7 
57. f6+ Kf7 58. h5 Bb3 59. Kh6 Kg8 60. Kg5 Bd5 61. Kf5 Kf7 62. Kg5 Be4 
63. Kf4 Bc6 64. Kg5 Kg8 65. Kf5 Ba8 66. Kg5 Bd5 67. Kf5 Bg2 68. Kg5 Be4 
69. Kh6 Bc2 70. Kg5 Be4 71. Kf4 Bd3 72. Kg5 Bb1 73. Kh6 Bd3 74. Kg5 Kf7 
75. Kh6 Bb1 76. Kg5 Bd3 77. Kh6 Kf8 78. Kg5 Bb1 79. Kh6 Kg8 80. Kg5 Kf8 
81. Kh6 Kg8 82. Kg5 Bc2 83. Kh6 Bf5 84. Kg5 Bb1 85. Kh6 Bf5 86. Kg5 Bc2 
87. Kh6 Kf8 88. Kg5 Ke8 89. Kh6 Kf8 90. Kg5 Bd3 91. Kh6 Kf7 92. Kg5 Kf8 
93. Kh6 Bf5 94. Kg5 Be6 95. Kh6 1/2-1/2

[Event "Thursday Night Round Robin 3m+1s Starts at 2200hrs ST No Late Joins"]
[Site "Infinity Chess"]
[Date "2018.1.11"]
[Round "6"]
[White "BlitzMaster"]
[Black "KULLANI"]
[Result "1/2-1/2 "]
[ECO "C50"]
[WhiteElo "2570"]
[BlackElo "2486"]
[WhiteEngine "stockfish_18010422_x64_modern_CTG"]
[BlackEngine "BrainFish_180106_x64_CTG"]
[EventType "Round Robin"]
[WhiteTeam ""]
[BlackTeam ""]
[PlyCount "211"]
[TimeControl "180+1"]

1. e4 e5 2. Nf3 Nc6 3. Bc4 Bc5 4. O-O Nf6 5. d3 d6 6. c3 a5 7. Re1 h6 
8. Nbd2 O-O 9. h3 Be6 10. a4 Ba7 11. Bxe6 fxe6 12. Qb3 Qe8 13. Nf1 Nh5 
14. Be3 Nf4 15. Bxa7 Rxa7 16. Re3 d5 17. Ne1 Ra8 18. Kh2 Ra6 19. Rf3 Rb6 
20. Qc2 Qh5 21. Ng3 Qg5 22. Ne2 Rd8 23. Ng3 Ne7 24. Nf1 Qh5 25. Ne3 Rc6 
26. Ng4 Neg6 27. Rg3 Kh7 28. Nf3 Rcd6 29. Rb1 c5 30. b4 cxb4 31. cxb4 Rc6 
32. Qb3 axb4 33. Qxb4 Rc7 34. Qb6 Rdd7 35. Rb5 Rf7 36. exd5 exd5 37. Ne3 Rc6 
38. Qa7 Ra6 39. Qb8 Raf6 40. Ng4 Rf5 41. Ng1 Nh4 42. Rxb7 Rxb7 43. Qxb7 Rf7 
44. Qb8 Nfxg2 45. Rxg2 Nxg2 46. Kxg2 Qf5 47. Qb2 e4 48. d4 e3 49. Nxe3 Qe4+ 
50. Kh2 Rf4 51. Kg3 Qxd4 52. Qxd4 Rxd4 53. a5 Ra4 54. Nxd5 g5 55. Nf3 Rxa5 
56. Nf6+ Kg7 57. Ne4 Ra4 58. Nc3 Ra3 59. Ne4 Ra4 60. Nc3 Ra3 61. Nb5 Rd3 
62. Nbd4 Kg6 63. Nc6 Kf5 64. Nce5 Rc3 65. Ng4 Rb3 66. Kg2 Kg6 67. Ne3 Ra3 
68. Ne5+ Kf6 69. N3g4+ Kg7 70. Nd7 Kg6 71. Ne3 Kg7 72. Ne5 Ra2 73. N5c4 Kg6 
74. Nf1 h5 75. Ng3 Ra6 76. Ne5+ Kf6 77. Nd7+ Kg6 78. Ne2 Kg7 79. Nc5 Ra2 
80. Nc3 Ra3 81. N5e4 Kg6 82. Nd5 Ra4 83. Ne7+ Kf7 84. Nc8 Kg6 85. Ne7+ Kh6 
86. Ng3 Ra3 87. Nef5+ Kg6 88. Ne3 Ra2 89. Ne4 Ra3 90. Nd2 Kf6 91. Nec4 Ra2 
92. Ne4+ Kf5 93. Ned2 Kf4 94. Nf1 Rc2 95. Nce3 Rc6 96. Nd2 h4 97. Nd5+ Ke5 
98. Nb4 Rc3 99. Nf3+ Kf5 100. Nd5 Rd3 101. Nb4 Ra3 102. Nd4+ Ke4 103. f3+ Kf4 
104. Ne2+ Ke5 105. Kf2 Rb3 106. Nc2 1/2-1/2

[Event "Thursday Night Round Robin 3m+1s Starts at 2200hrs ST No Late Joins"]
[Site "Infinity Chess"]
[Date "2018.1.11"]
[Round "6"]
[White "Victorious"]
[Black "MGR"]
[Result "1/2-1/2"]
[ECO "A06"]
[WhiteElo "2570"]
[BlackElo "2508"]
[WhiteEngine "Houdini 6"]
[BlackEngine "Stockfish SL sh BMI2"]
[EventType "Round Robin"]
[WhiteTeam ""]
[BlackTeam ""]
[PlyCount "97"]
[TimeControl "180+1"]

1. Nf3 d5 2. d4 Nf6 3. e3 e6 4. Bd3 b6 5. b3 Bd6 6. c4 O-O 7. Nbd2 Nbd7 
8. O-O Bb7 9. Bb2 Ne4 10. cxd5 exd5 11. Ne5 Qe7 12. Nxd7 Qxd7 13. a4 Rac8 
14. Nxe4 dxe4 15. Bc4 a5 16. Qe2 Kh8 17. Ba3 Bxa3 18. Rxa3 f5 19. Ra2 Rcd8 
20. g3 Rf6 21. Bb5 Qf7 22. Rc2 f4 23. Rfc1 fxe3 24. Qxe3 Qd5 25. Be2 c6 
26. Rd2 Qf5 27. Bf1 Rfd6 28. Bg2 c5 29. Rcd1 Qg4 30. h4 cxd4 31. Rxd4 Qxd1+ 
32. Rxd1 Rxd1+ 33. Kh2 R1d6 34. Bxe4 Re8 35. f3 h6 36. Qf2 Bxe4 37. fxe4 Rde6 
38. Kh3 Rxe4 39. Qxb6 R4e5 40. Kh2 Rc8 41. Kg2 Rf8 42. Kh3 Ra8 43. Qb7 Rg8 
44. Qf7 Rd8 45. Kg4 Rde8 46. h5 Re4+ 47. Kh3 R4e7 48. Qf5 Re5 49. Qf3 1/2-1/2